AoeStats
← Arguin331

MegaRandom

504855356Analyzed
4v4 RM · 24d ago on Sep 6, 2026· 37m 38s· 8 players
Game mode
Random Map
Map size
Large (8 player)
Population
200
Speed
Normal
Resources
Standard
Victory
Conquest
Starting age
Dark Age
Ending age
Imperial Age
RankedLock teamsTeams togetherTeam positionsShared explorationLock speedFull tech treeHidden civsTurbo modeCheats
Victory
Defeat
🇺🇸 Portuguese · United States
853
+15
🇫🇷 Vikings · France
834
+16
🇺🇸 Burmese · United States
823
+16
🇹🇷 Italians · Türkiye
818
+16
🇨🇷 Sicilians · Costa Rica
883
-18
🇹🇼 Japanese · Taiwan
854
-17
🇪🇨 Teutons · Ecuador
794
-14
🇲🇽 Celts · Mexico
791
-14
messman2020
8:46 Loom
10:55 Feudal Age
10:59 Man-at-Arms
13:59 Arson
15:54 Scale Mail Armor
21:01 Castle Age
22:01 Long Swordsman
27:49 Chain Mail Armor
28:59 Gold Mining
32:17 Double-Bit Axe
32:24 Stone Mining
32:52 Fervor
34:29 Fletching
34:50 Forging
36:56 Wheelbarrow
36:54 Horse Collar
37:28 Bow Saw
isthisthingon
15:11 Feudal Age
16:04 Horse Collar
16:20 Fishing Lines
18:16 Wheelbarrow
21:12 Castle Age
19:41 Gold Mining
19:44 Stone Mining
20:04 Scale Mail Armor
24:00 Gold Shaft Mining
24:14 Heavy Plow
29:09 Imperial Age
28:41 Fortified Wall
29:37 Bloodlines
29:27 Husbandry
32:48 Chemistry
34:03 Ballistics
33:53 Siege Engineers
36:00 Fletching
Arguin331
1:14 Loom
13:45 Feudal Age
14:55 Fishing Lines
15:06 Double-Bit Axe
15:08 Horse Collar
18:22 Stone Mining
20:36 Castle Age
21:42 Bow Saw
22:20 Heavy Plow
22:37 Pikeman
23:29 Gold Mining
24:41 Forging
24:32 Scale Mail Armor
24:38 Fletching
27:32 Gold Shaft Mining
27:36 Iron Casting
27:17 Chain Mail Armor
27:10 Man-at-Arms
27:36 Gambesons
28:56 Padded Archer Armor
29:57 Bodkin Arrow
30:17 Leather Archer Armor
32:50 Medium Warships
32:33 Gillnets
35:48 Ballistics
35:25 Murder Holes
35:46 Clinker Construction
35:47 Careening
RushBNoPlan
10:43 Feudal Age
12:11 Wheelbarrow
14:57 Double-Bit Axe
22:29 Man-at-Arms
23:34 Gold Mining
28:34 Castle Age
30:16 Bow Saw
33:29 Stone Mining
36:54 Hand Cart
YHWH Is My Waifu
10:57 Feudal Age
11:53 Loom
16:23 Castle Age
22:36 Horse Collar
22:43 Double-Bit Axe
25:44 Heavy Plow
25:56 Bow Saw
25:44 Stone Mining
_gaara_
6:44 Loom
11:25 Feudal Age
15:20 Town Watch
15:42 Double-Bit Axe
19:00 Horse Collar
19:35 Scale Mail Armor
20:58 Forging
20:38 Fletching
22:41 Wheelbarrow
24:59 Castle Age
22:58 Gold Mining
24:40 Padded Archer Armor
26:35 Leather Archer Armor
27:15 Chain Mail Armor
29:38 Squires
32:08 Iron Casting
32:29 Heavy Plow
32:28 Arson
33:29 Gold Shaft Mining
32:19 Elite Skirmisher
33:37 Pikeman
34:58 Bodkin Arrow
36:03 Leather Archer Armor
DolphinMan
11:09 Feudal Age
12:44 Double-Bit Axe
13:43 Horse Collar
13:59 Loom
15:47 Man-at-Arms
20:11 Castle Age
19:48 Gold Mining
23:34 Bow Saw
YJHAN
0:48 Loom
11:25 Feudal Age
12:28 Town Watch
19:39 Castle Age
17:32 Fletching
17:53 Forging
19:05 Padded Archer Armor
19:09 Scale Mail Armor
20:19 Double-Bit Axe
21:58 Fervor
23:30 Fishing Lines
24:22 Pikeman
26:10 Squires
27:19 Ballistics
26:40 Treadmill Crane
Connection lost

Rejoining the realm…

Still unreachable

The connection could not be restored.

Session expired

The server has moved on; the page needs a fresh start.